 Seeded DCSS version 0.30.1 (webtiles) character file.

Game seed: 6351066067085065685 (custom seed)

25 Esekla the Grave Robber (level 2, -2/15 HPs)
             Began as a Deep Elf Necromancer on July 5, 2023.
             Was an Initiate of Vehumet.
             Slain by a black bear (7 damage)
             ... on level 2 of the Dungeon.
             The game lasted 00:05:22 (831 turns).

Esekla the Grave Robber (Deep Elf Necromancer)       Turns: 831, Time: 00:05:22

Health: -2/15      AC:  3    Str:  5    XL:     2   Next: 86%
Magic:  8/8        EV: 13    Int: 19    God:    Vehumet [......]
Gold:   70         SH:  0    Dex: 18    Spells: 6/7 levels left

rFire   . . .        a - +5 rapier of the Hero {heavy, rN+ Dex+3}
rCold   . . .        (no shield)
rNeg    + . .        k - +0 robe
rPois   .            (no helmet)
rElec   .            (no cloak)
rCorr   .            h - +0 pair of gloves
SInv    .            (no boots)
Will    .....        (no amulet)
Stlth   ++           (no ring)
HPRegen 0.22/turn    (no ring)
MPRegen 0.11/turn

%: no passive effects
@: no status effects
A: no striking features
a: Renounce Religion


You were on level 2 of the Dungeon.
You worshipped Vehumet.
Vehumet was noncommittal.
You visited 1 branch of the dungeon, and saw 4 of its levels.

You collected 70 gold pieces.

Inventory:

Hand Weapons
 a - the +5 rapier of the Hero (weapon) {heavy, rN+ Dex+3}
   (You found it on level 3 of the Dungeon)

   Dex:       It affects your dexterity (+3).
   rN:        It protects you from negative energy.
Armour
 h - a +0 pair of gloves (worn)
 k - a +0 robe (worn)
Wands
 f - a wand of roots (9)
Scrolls
 c - 3 scrolls of identify {unknown}
 e - a scroll of fear {unknown}
 j - a scroll of immolation {unknown}
Potions
 b - a potion of magic
 d - a potion of ambrosia {unknown}
 g - 2 potions of curing {unknown}
 i - a potion of attraction {unknown}


   Skills:
 + Level 0.1 Short Blades
 * Level 3.0 Dodging
 + Level 3.0 Stealth
 * Level 3.1 Spellcasting
 + Level 5.3 Necromancy


You had 6 spell levels left.
You knew the following spells:

 Your Spells              Type           Power      Damage    Failure   Level
a - Necrotise             Necr           92%        1d8       1%          1

Your spell library contained the following spells:

 Spells                   Type           Power      Damage    Failure   Level
 Vampiric Draining        Necr           23%        2d7       4%          3
 Animate Dead             Necr           23%        N/A       17%         4
 Agony                    Necr           23%        N/A       43%         5


Dungeon Overview and Level Annotations

Branches:
Dungeon (4/15)
 Temple: D:4-7

Altars:
Vehumet

Shops:
D:2 =


Message History

The hobgoblin hits you. x2
You barely miss the hobgoblin.
The hobgoblin is heavily wounded.
The hobgoblin closely misses you. The hobgoblin hits you.
You closely miss the hobgoblin.
The hobgoblin is heavily wounded.
The hobgoblin hits you but does no damage.
The hobgoblin hits you.
You barely miss the hobgoblin.
The hobgoblin is moderately wounded.
The hobgoblin closely misses you. The hobgoblin barely misses you.
You hit the hobgoblin.
You kill the hobgoblin!
Vehumet accepts your kill.
You start resting.
HP restored.
A rat comes into view.
You puncture the rat!
You kill the rat!
Vehumet accepts your kill.
Found a short sword.
A black bear comes into view.
Found 6 gold pieces.
The black bear growls angrily.
An iguana comes into view.
The iguana hisses angrily.
You completely miss the iguana. The iguana closely misses you. x2
You hit the iguana.
The iguana is lightly wounded.
The iguana closely misses you. The iguana bites you.
Okay, then.
You puncture the iguana!
The iguana is severely wounded.
The black bear bites you! The black bear misses you. The black bear claws you.
The iguana completely misses you.
You puncture the iguana!
You kill the iguana!
Vehumet accepts your kill. The black bear bites you!
You die...

#####.###
.......# ...).#
.######.#.####.$.
............h..#
######.#.######
#.#.# #########
#8.#####.#.#
#........
+....†@h.#.#
#.######.
#8.#.#####.# #.#
#. .. #.# #.# #.
... #.####.### #.
..#
#.##.....####. .
#.##.......##.
#..........##.
#.##.......##.
#.##.....)###.


You could see a black bear.

Vanquished Creatures
  An iguana (D:2)
  An adder (D:2)
  3 ball pythons (D:1)
  3 goblins
  3 hobgoblins
  A frilled lizard (D:1)
  3 kobolds
  A rat (D:2)
16 creatures vanquished.

Notes
Turn   | Place    | Note
-------+----------+-------------------------------------------
     0 | D:1      | Esekla the Deep Elf Necromancer began the quest for the
                  | Orb.
     0 | D:1      | Reached XP level 1. HP: 10/10 MP: 6/6
   177 | D:1      | Reached skill level 5 in Necromancy
   191 | D:1      | Reached XP level 2. HP: 15/15 MP: 8/8
   307 | D:4      | Found a radiant altar of Vehumet.
   311 | D:4      | Became a worshipper of Vehumet
   450 | D:3      | Identified the +5 rapier of the Hero {heavy, rN+ Dex+3}
   496 | D:2      | Found Renulab's Jewellery Shop.
   821 | D:2      | Noticed a black bear
   831 | D:2      | Slain by a black bear

Illustrated notes

Levels and vault maps discovered:
D:1:      sevenhm_arrival_forest_fort_small_3, layout_rooms,
          chequers_serial_rivers_room_b, minmay_misc_feat_five
D:2:      layout_loops_ring, dreamdust_ecumenical_altar_angels_and_demons,
          serial_shops, shop
D:3:      layout_basic, grunt_temple_overflow_open, minmay_misc_feat_iff
D:4:      layout_basic, nicolae_overflow_quartered_altars, serial_shops,
          nicolae_diamond_shop

Skill      XL: |  1  2 |
---------------+-------+-----
Necromancy     | 5 |  5.3
Dodging        | 3 |  3.0
Stealth        | 3 |  3.0
Short Blades   | |  0.1
Spellcasting   | |  3.1

Action                     || total
---------------------------++-------
  Melee: Short sword       ||     9
         Unarmed           ||     9
         Dagger            ||    10
         Rapier            ||    15
   Stab: Sleeping          ||     3
 Armour: Robe              ||     8
  Dodge: Dodged            ||    25
